[Event "EIRCC 2019"]
[Site "Tallinn"]
[Date "2019.12.05"]
[Round "6.20"]
[White "Nestor, Kaarel"]
[Black "Kanep, Meelis"]
[Result "0-1"]
[ECO "A49"]
[WhiteElo "2255"]
[BlackElo "2466"]
[Annotator "ChessBase"]
[PlyCount "74"]
[EventDate "2019.12.05"]
[EventType "swiss"]
[EventCountry "EST"]
[SourceTitle "playchess.com"]
[Source "ChessBase"]
[SourceQuality "1"]
[TimeControl "900+10"]

1. d4 Nf6 2. Nf3 g6 3. g3 Bg7 4. Bg2 O-O 5. O-O c6 6. b3 d5 7. Bb2 a5 8. a4 Bf5 9. Nbd2 Na6 10. h3 Ne4 11. g4 Nxd2 12. Nxd2 Bd7 13. c4 Nb4 14. Nf3 f6 15. Bc3 Be6 16. Bxb4 axb4 17. c5 Bd7 18. Qd2 e5 19. Qxb4 e4 20. Ne1 f5 21. gxf5 Bxf5 22. f4 exf3 23. Nxf3 Qd7 24. Kh2 Qc7+ 25. Kh1 Rae8 26. Qd2 Re4 27. e3 Rfe8 28. Rae1 Qg3 29. Ng1 Rxe3 30. Rxe3 Qxe3 31. Qb4 Re7 32. Nf3 Be4 33. Qb6 Rf7 34. Re1 Qf2 35. Qd8+ Rf8 36. Qh4 Rxf3 37. Rxe4 dxe4 0-1

[Event "EIRCC 2019"]
[Site "Tallinn"]
[Date "2019.12.05"]
[Round "6.21"]
[White "Loginov, Valery A"]
[Black "Luukkonen, Tommi"]
[Result "1-0"]
[ECO "A37"]
[WhiteElo "2461"]
[BlackElo "2332"]
[Annotator "ChessBase"]
[PlyCount "87"]
[EventDate "2019.12.05"]
[EventType "swiss"]
[EventCountry "EST"]
[SourceTitle "playchess.com"]
[Source "ChessBase"]
[SourceQuality "1"]
[TimeControl "900+10"]

1. Nf3 c5 2. g3 g6 3. Bg2 Bg7 4. c4 Nc6 5. Nc3 d6 6. a3 e5 7. O-O Nge7 8. b4 e4 9. Ng5 f5 10. Bb2 O-O 11. d3 h6 12. Nh3 Ne5 13. Nf4 Kh7 14. Qb3 N7c6 15. Ncd5 exd3 16. exd3 Nd4 17. Bxd4 cxd4 18. Rac1 g5 19. Ne2 f4 20. Be4+ Bf5 21. Bxf5+ Rxf5 22. Nxd4 Qd7 23. Nxf5 Qxf5 24. d4 Nc6 25. Rcd1 Qh3 26. Qd3+ Kh8 27. gxf4 Qh5 28. f3 Nxd4 29. f5 Be5 30. Rd2 Rf8 31. Ne7 Rf7 32. Ng6+ Kg7 33. Nxe5 dxe5 34. Qe4 Kf6 35. Rxd4 exd4 36. Re1 Kg7 37. Qxd4+ Kh7 38. Re8 Rg7 39. Qe4 Qh4 40. f6+ Qxe4 41. fxe4 Rf7 42. Re7 Kg6 43. Rxf7 Kxf7 44. e5 1-0

[Event "EIRCC 2019"]
[Site "Tallinn"]
[Date "2019.12.05"]
[Round "6.22"]
[White "Kozak, Adam"]
[Black "Thorfinnsson, Bragi"]
[Result "1-0"]
[ECO "A06"]
[WhiteElo "2240"]
[BlackElo "2457"]
[Annotator "ChessBase"]
[PlyCount "65"]
[EventDate "2019.12.05"]
[EventType "swiss"]
[EventCountry "EST"]
[SourceTitle "playchess.com"]
[Source "ChessBase"]
[SourceQuality "1"]
[TimeControl "900+10"]

1. Nf3 d5 2. g3 Nf6 3. Bg2 c6 4. O-O Nbd7 5. d4 e6 6. c4 dxc4 7. a4 a5 8. Nc3 Be7 9. e4 O-O 10. Qe2 b6 11. Bf4 Ba6 12. Rad1 Re8 13. Qc2 Bb4 14. d5 cxd5 15. exd5 e5 16. Be3 Nc5 17. Bxc5 Bxc5 18. Rfe1 Qd6 19. Ng5 Bd4 20. Nce4 Nxe4 21. Qxe4 Qg6 22. Rxd4 f5 23. Qh4 exd4 24. Re6 Rxe6 25. dxe6 Re8 26. Bd5 Re7 27. Nxh7 Rxe6 28. Ng5 Bc8 29. Bxc4 f4 30. Qxf4 Qb1+ 31. Kg2 Qc2 32. Qf7+ Kh8 33. Qf8# 1-0

[Event "EIRCC 2019"]
[Site "Tallinn"]
[Date "2019.12.05"]
[Round "6.23"]
[White "Ladva, Ottomar"]
[Black "Horvath, Dominik"]
[Result "1-0"]
[ECO "A06"]
[WhiteElo "2446"]
[BlackElo "2306"]
[Annotator "NA"]
[PlyCount "113"]
[EventDate "2019.12.05"]
[EventType "swiss"]
[EventCountry "EST"]
[SourceTitle "playchess.com"]
[Source "ChessBase"]
[SourceQuality "1"]
[TimeControl "900+10"]

1. Nf3 d5 2. g3 Nc6 3. d4 Bg4 4. Bg2 Qd7 5. h3 Bxf3 6. exf3 e6 7. O-O Nf6 8. c3 Bd6 9. Re1 O-O 10. f4 Ne7 11. Nd2 c5 12. Nf3 Rac8 13. dxc5 Bxc5 14. Be3 Bxe3 15. Rxe3 Nf5 16. Re2 Nd6 17. Ne5 Qc7 18. Qa4 Qb6 19. Rd1 Rfd8 20. Bf3 Nfe4 21. Kg2 f6 22. Nd3 Rc4 23. Qb3 Qxb3 24. axb3 Rcc8 25. Bg4 f5 26. Bf3 a5 27. Ra1 Ra8 28. Ree1 Kf7 29. Be2 b6 30. Ne5+ Kf6 31. Nc6 Re8 32. h4 g6 33. Bd1 h6 34. Bc2 g5 35. f3 Nc5 36. hxg5+ hxg5 37. fxg5+ Kxg5 38. b4 Nd7 39. bxa5 bxa5 40. Rxa5 Rxa5 41. Nxa5 Kf6 42. Nc6 Rc8 43. Nb4 Nc4 44. Nd3 Rb8 45. b3 Na3 46. Bd1 Rc8 47. Nf4 Ne5 48. Nh5+ Kg6 49. Rxe5 Kxh5 50. Rxe6 f4 51. gxf4 Rxc3 52. Re5+ Kh4 53. Rxd5 Nb1 54. Kf2 Rc1 55. Be2 Rc2 56. Rd1 Nc3 57. Rh1# 1-0

[Event "EIRCC 2019"]
[Site "Tallinn"]
[Date "2019.12.05"]
[Round "6.24"]
[White "Varvadoukas, Theodoros"]
[Black "Cerveny, Martin"]
[Result "1/2-1/2"]
[ECO "A14"]
[WhiteElo "2146"]
[BlackElo "2432"]
[Annotator "NA"]
[PlyCount "156"]
[EventDate "2019.12.05"]
[EventType "swiss"]
[EventCountry "EST"]
[SourceTitle "playchess.com"]
[Source "ChessBase"]
[SourceQuality "1"]
[TimeControl "900+10"]

1. c4 Nf6 2. Nf3 e6 3. g3 d5 4. Bg2 Be7 5. O-O O-O 6. d4 a5 7. cxd5 exd5 8. Nc3 c6 9. Qc2 Na6 10. a3 Nc7 11. Bf4 Bg4 12. Ne5 Bh5 13. Qb3 Qc8 14. Rac1 Ne6 15. Be3 Qb8 16. Nd3 Qa7 17. Nf4 a4 18. Qd1 Nxf4 19. Bxf4 Rfe8 20. Re1 h6 21. h3 Bf8 22. Qd2 Bg6 23. f3 Rad8 24. Rcd1 b5 25. Be3 Bd6 26. Bf2 Qb8 27. Kh2 Nh5 28. e4 Bxg3+ 29. Kg1 Bh2+ 30. Kh1 Ng3+ 31. Bxg3 Bxg3 32. Re2 Bf4 33. Qe1 f6 34. exd5 cxd5 35. Rxe8+ Rxe8 36. Qf1 Bf7 37. Qxb5 Qxb5 38. Nxb5 Rb8 39. Bf1 Be8 40. Nc3 Rxb2 41. Nxd5 Bd6 42. Bc4 Kh8 43. Re1 Bh5 44. Re3 Rd2 45. Bd3 Ra2 46. Bb5 Rd2 47. Bd3 Bg3 48. Be4 Rxd4 49. Rc3 Kg8 50. Ne7+ Kf7 51. Nf5 Rd1+ 52. Kg2 Be5 53. Rc4 Rd2+ 54. Kf1 g6 55. Nxh6+ Ke6 56. Ng4 Bd6 57. Ne3 f5 58. Bc6 Rd3 59. Ke2 Rxa3 60. Rxa4 Rxa4 61. Bxa4 Kf6 62. Nc4 Bc5 63. Bc6 Kg5 64. Kf1 Kf4 65. Kg2 g5 66. Bd5 Be8 67. Nd2 Bb4 68. Nf1 Ke5 69. Bb7 f4 70. Nh2 Kd4 71. Ng4 Kd3 72. Ba6+ Kd2 73. Bc4 Bc3 74. Ba6 Bd4 75. Bc4 Kc3 76. Ba6 Bc6 77. Be2 Bb7 78. Bb5 Bd5 1/2-1/2

[Event "EIRCC 2019"]
[Site "Tallinn"]
[Date "2019.12.05"]
[Round "6.25"]
[White "Usmanov, Vasily"]
[Black "Kononenko, Dmitry"]
[Result "1/2-1/2"]
[ECO "A04"]
[WhiteElo "2428"]
[BlackElo "2277"]
[Annotator "NA"]
[PlyCount "96"]
[EventDate "2019.12.05"]
[EventType "swiss"]
[EventCountry "EST"]
[SourceTitle "playchess.com"]
[Source "ChessBase"]
[SourceQuality "1"]
[TimeControl "900+10"]

1. Nf3 c5 2. e3 Nf6 3. b3 g6 4. Bb2 Bg7 5. c4 O-O 6. Be2 Nc6 7. O-O b6 8. d4 cxd4 9. Nxd4 Nxd4 10. Qxd4 Bb7 11. Rd1 d6 12. Qh4 a5 13. Nc3 Nd7 14. Rab1 Re8 15. Nd5 Bxb2 16. Rxb2 Bxd5 17. cxd5 Rc8 18. Bb5 Rf8 19. a3 Rc5 20. b4 Rc3 21. Ra2 Ne5 22. Qd4 Qc7 23. f4 Ng4 24. Bc6 Rb3 25. Re1 b5 26. h3 Nf6 27. Bxb5 axb4 28. axb4 Rb8 29. Ra7 Rb7 30. Rea1 Rxa7 31. Rxa7 Qc1+ 32. Kh2 Rxe3 33. Ra1 Qc3 34. Qxc3 Rxc3 35. Bc6 e6 36. b5 Nxd5 37. Bxd5 exd5 38. Rb1 Rc7 39. Kg3 Kf8 40. Kf3 Ke7 41. b6 Rb7 42. Ke3 Kd7 43. Kd4 Kc6 44. Rc1+ Kd7 45. Rb1 Kc6 46. Rc1+ Kd7 47. Rb1 Kc6 48. Rc1+ Kd7 {Ke4} 1/2-1/2

[Event "EIRCC 2019"]
[Site "Tallinn"]
[Date "2019.12.05"]
[Round "6.26"]
[White "Sanz Wawer, Daniel"]
[Black "Mohr, Georg"]
[Result "0-1"]
[ECO "A40"]
[WhiteElo "2103"]
[BlackElo "2424"]
[Annotator "NA"]
[PlyCount "59"]
[EventDate "2019.12.05"]
[EventType "swiss"]
[EventCountry "EST"]
[SourceTitle "playchess.com"]
[Source "ChessBase"]
[SourceQuality "1"]
[TimeControl "900+10"]

1. d4 g6 2. c4 Bg7 3. e4 d6 4. Nc3 c5 5. d5 e6 6. Nge2 exd5 7. cxd5 Ne7 8. Bg5 h6 9. Be3 a6 10. a4 O-O 11. Qd2 Kh7 12. h4 Nd7 13. f4 h5 14. g4 Nf6 15. gxh5 Nxh5 16. O-O-O b5 17. f5 Qa5 18. Bg5 Re8 19. f6 Nxf6 20. h5 Nxh5 21. Ng3 Kg8 22. Nxh5 gxh5 23. Bh6 Bxc3 24. bxc3 Ng6 25. Bd3 Qxa4 26. Kb2 b4 27. Ra1 bxc3+ 28. Kxc3 Qd4+ 29. Kc2 c4 30. Bf1 0-1

[Event "EIRCC 2019"]
[Site "Tallinn"]
[Date "2019.12.05"]
[Round "6.27"]
[White "Aleksandrov, Aleksej"]
[Black "Chibukhchyan, Erik"]
[Result "1-0"]
[ECO "E45"]
[WhiteElo "2576"]
[BlackElo "2211"]
[Annotator "ChessBase"]
[PlyCount "75"]
[EventDate "2019.12.05"]
[EventType "swiss"]
[EventCountry "EST"]
[SourceTitle "playchess.com"]
[Source "ChessBase"]
[SourceQuality "1"]
[TimeControl "900+10"]

1. d4 Nf6 2. c4 e6 3. Nc3 Bb4 4. e3 b6 5. Nge2 Ba6 6. Qa4 c5 7. a3 Bxc3+ 8. Nxc3 O-O 9. dxc5 bxc5 10. Be2 d5 11. O-O Qb6 12. cxd5 Bxe2 13. Nxe2 exd5 14. b4 c4 15. Bb2 Nbd7 16. Rfd1 Nc5 17. Qc2 Nd3 18. Bd4 Qe6 19. Rab1 Ng4 20. Rf1 Rfe8 21. h3 Nh6 22. Ng3 Nf5 23. Nxf5 Qxf5 24. b5 Re6 25. Kh2 Rg6 26. f4 h5 27. a4 h4 28. a5 Rg3 29. b6 axb6 30. axb6 Rb8 31. Rb5 Qe4 32. b7 Rxe3 33. Bxe3 Qxe3 34. Rxd5 Qg3+ 35. Kh1 Nxf4 36. Rc5 Re8 37. Rc8 Qe3 38. b8=Q 1-0

[Event "EIRCC 2019"]
[Site "Tallinn"]
[Date "2019.12.05"]
[Round "6.28"]
[White "Mickevicius, Juras"]
[Black "Khalifman, Alexander"]
[Result "1-0"]
[ECO "A40"]
[WhiteElo "2288"]
[BlackElo "2577"]
[Annotator "ChessBase"]
[PlyCount "76"]
[EventDate "2019.12.05"]
[EventType "swiss"]
[EventCountry "EST"]
[SourceTitle "playchess.com"]
[Source "ChessBase"]
[SourceQuality "1"]
[TimeControl "900+10"]

1. d4 g6 2. c4 Bg7 3. Nf3 Nf6 4. g3 c5 5. d5 b5 6. cxb5 a6 7. bxa6 d6 8. Nc3 Bxa6 9. Bg2 Nbd7 10. Rb1 O-O 11. O-O Qa5 12. Bd2 Rfb8 13. b3 Qa3 14. Ne1 Bb7 15. Nc2 Qa6 16. a4 Ne8 17. Nb5 Qb6 18. Nca3 Qd8 19. e4 Nc7 20. Re1 Nxb5 21. Nxb5 Ba6 22. Bf1 Rc8 23. Bc4 Ne5 24. Kg2 Qd7 25. h3 f5 26. f4 Nxc4 27. bxc4 e6 28. Qc2 Re8 29. Kh2 Bc8 30. Bc3 fxe4 31. Bxg7 Kxg7 32. Rxe4 e5 33. g4 exf4 34. Qb2+ Kh6 35. Rxe8 Qxe8 36. Nc7 Qe3 37. Nxa8 Kg5 38. Rg1 Kh4 1-0

[Event "EIRCC 2019"]
[Site "Tallinn"]
[Date "2019.12.05"]
[Round "6.29"]
[White "Babula, Vlastimil"]
[Black "Khakimov, Timur"]
[Result "0-1"]
[ECO "D45"]
[WhiteElo "2559"]
[BlackElo "2253"]
[Annotator "ChessBase"]
[PlyCount "80"]
[EventDate "2019.12.05"]
[EventType "swiss"]
[EventCountry "EST"]
[SourceTitle "playchess.com"]
[Source "ChessBase"]
[SourceQuality "1"]
[TimeControl "900+10"]

1. d4 d5 2. c4 c6 3. Nf3 Nf6 4. Nc3 e6 5. e3 Nbd7 6. Qc2 b6 7. b3 Ba6 8. Bb2 Bb4 9. Bd3 O-O 10. O-O Rc8 11. Ne5 c5 12. Ne2 dxc4 13. bxc4 cxd4 14. exd4 b5 15. c5 Nxe5 16. dxe5 Rxc5 17. Qb1 Ng4 18. Bd4 Qh4 19. h3 Nxe5 20. Qxb4 Nxd3 21. Qa3 Rc6 22. Qxd3 b4 23. Qf3 Rc2 24. Nf4 Bxf1 25. Rxf1 Rxa2 26. Bc5 Rd8 27. g3 Qf6 28. Qb7 Ra1 29. Be7 Rxf1+ 30. Kxf1 Qa1+ 31. Kg2 Re8 32. Qc6 Rb8 33. Bd6 Rd8 34. Qc7 Re8 35. Bxb4 Qa6 36. Kh2 Qb6 37. Qxb6 axb6 38. Kg2 Rc8 39. Kf3 Rc4 40. Nd3 e5 0-1

[Event "EIRCC 2019"]
[Site "Tallinn"]
[Date "2019.12.05"]
[Round "6.30"]
[White "Heinzel, Olaf"]
[Black "Ruck, Robert"]
[Result "0-1"]
[ECO "A45"]
[WhiteElo "2269"]
[BlackElo "2551"]
[Annotator "ChessBase"]
[PlyCount "64"]
[EventDate "2019.12.05"]
[EventType "swiss"]
[EventCountry "EST"]
[SourceTitle "playchess.com"]
[Source "ChessBase"]
[SourceQuality "1"]
[TimeControl "900+10"]

1. d4 Nf6 2. Bf4 g6 3. e3 Bg7 4. Be2 c5 5. c3 Qb6 6. Qb3 O-O 7. Nd2 d6 8. h3 Qc7 9. Ngf3 b6 10. O-O Nc6 11. Rfe1 Be6 12. Qd1 Rab8 13. a4 Qb7 14. Bf1 Rfc8 15. Bh2 Na5 16. Qe2 Bh6 17. Bf4 Bxf4 18. exf4 Re8 19. g3 Rbc8 20. Bg2 Qd7 21. Kh2 Bd5 22. c4 Bxf3 23. Qxf3 cxd4 24. b3 d5 25. cxd5 Rc3 26. Qd1 Nxd5 27. Ne4 Rcc8 28. Qxd4 Nxb3 29. Qd3 Nxa1 30. Rxa1 Red8 31. Rd1 Qc7 32. Ng5 Nc3 0-1

[Event "EIRCC 2019"]
[Site "Tallinn"]
[Date "2019.12.05"]
[Round "6.31"]
[White "Martynov, Roman"]
[Black "Potapov, Pavel"]
[Result "0-1"]
[ECO "A80"]
[WhiteElo "2269"]
[BlackElo "2482"]
[Annotator "ChessBase"]
[PlyCount "80"]
[EventDate "2019.12.05"]
[EventType "swiss"]
[EventCountry "EST"]
[SourceTitle "playchess.com"]
[Source "ChessBase"]
[SourceQuality "1"]
[TimeControl "900+10"]

1. d4 f5 2. Nf3 Nf6 3. g3 g6 4. Bg2 Bg7 5. O-O O-O 6. b3 Ne4 7. Bb2 d6 8. Nbd2 Nc6 9. Ne1 Ng5 10. Nc4 f4 11. Nf3 Nxf3+ 12. Bxf3 Bh3 13. Re1 d5 14. Ne5 Nxe5 15. dxe5 e6 16. e3 fxg3 17. hxg3 Qg5 18. Bg2 Bxg2 19. Kxg2 Qf5 20. f4 Qe4+ 21. Kg1 Rad8 22. Qe2 c5 23. Rad1 h5 24. c4 dxc4 25. bxc4 b6 26. Rd6 Rxd6 27. exd6 Bxb2 28. Qxb2 Kf7 29. Qe5 Qxe5 30. fxe5 Ke8 31. Rf1 Rxf1+ 32. Kxf1 g5 33. a4 Kd7 34. Kg2 a5 35. Kf3 b5 36. cxb5 c4 37. Ke4 h4 38. gxh4 gxh4 39. Kd4 h3 40. Kc5 h2 0-1

[Event "EIRCC 2019"]
[Site "Tallinn"]
[Date "2019.12.05"]
[Round "6.32"]
[White "Ionov, Sergey"]
[Black "Chernyak, Viktoria"]
[Result "1-0"]
[ECO "B12"]
[WhiteElo "2480"]
[BlackElo "2233"]
[Annotator "ChessBase"]
[PlyCount "97"]
[EventDate "2019.12.05"]
[EventType "swiss"]
[EventCountry "EST"]
[SourceTitle "playchess.com"]
[Source "ChessBase"]
[SourceQuality "1"]
[TimeControl "900+10"]

1. e4 c6 2. d4 d5 3. e5 Bf5 4. h4 h5 5. Bd3 Bxd3 6. Qxd3 e6 7. Bg5 Qb6 8. Nd2 Ne7 9. Ngf3 Nf5 10. O-O c5 11. c4 Qa6 12. dxc5 Bxc5 13. a3 O-O 14. b4 dxc4 15. Nxc4 Be7 16. Bxe7 Nxe7 17. Ng5 Nf5 18. Rac1 Nc6 19. Qe4 g6 20. Rfd1 Rad8 21. Nd6 Qxa3 22. b5 Nce7 23. Qxb7 Rb8 24. Qe4 Rbd8 25. Ra1 Qc5 26. Rdc1 Qb6 27. Ra6 Qb8 28. Qa4 Nxd6 29. exd6 Rxd6 30. Rxd6 Qxd6 31. Qxa7 Nd5 32. Qd4 Rb8 33. Rc6 Qd8 34. Qc5 Qf6 35. g3 Qa1+ 36. Kg2 Qa8 37. Kh2 Nf6 38. Rc7 Ng4+ 39. Kg1 Rf8 40. b6 Qa1+ 41. Kg2 Qb2 42. b7 Ne5 43. Qxf8+ Kxf8 44. Rc8+ Kg7 45. b8=Q Qe2 46. Rg8+ Kf6 47. Qb7 Qe1 48. Rf8 Kf5 49. Rxf7+ 1-0

[Event "EIRCC 2019"]
[Site "Tallinn"]
[Date "2019.12.05"]
[Round "6.33"]
[White "D`costa, Lorin"]
[Black "Shapiro, Viktor"]
[Result "0-1"]
[ECO "A05"]
[WhiteElo "2407"]
[BlackElo "2231"]
[Annotator "NA"]
[PlyCount "134"]
[EventDate "2019.12.05"]
[EventType "swiss"]
[EventCountry "EST"]
[SourceTitle "playchess.com"]
[Source "ChessBase"]
[SourceQuality "1"]
[TimeControl "900+10"]

1. Nf3 Nf6 2. g3 g6 3. Bg2 Bg7 4. c4 O-O 5. Nc3 d5 6. cxd5 Nxd5 7. d4 Nb6 8. O-O Nc6 9. e3 Re8 10. b3 e5 11. Nxe5 Nxe5 12. dxe5 Bxe5 13. Bb2 c6 14. Qc2 Be6 15. Rad1 Qe7 16. f4 Bg7 17. e4 Rad8 18. h3 Qc5+ 19. Qf2 Bd4 20. Rxd4 Qxd4 21. Qxd4 Rxd4 22. Nd5 Rxd5 23. exd5 Bxd5 24. Bxd5 Nxd5 25. Kf2 f6 26. Bd4 Kf7 27. Rc1 a6 28. Kf3 Nb4 29. a3 Nd5 30. g4 Nc7 31. Bb2 Rd8 32. Ke2 Ne6 33. Rc4 g5 34. fxg5 fxg5 35. Be5 Rd5 36. Re4 Nc5 37. Re3 Nxb3 38. Rf3+ Ke6 39. Bh8 Nd4+ 40. Bxd4 Rxd4 41. Rf5 Rd5 42. Rf8 Re5+ 43. Kd2 Kd6 44. Rf6+ Re6 45. Rf7 Re7 46. Rf5 h6 47. Kd3 c5 48. a4 b5 49. a5 Re6 50. Rf7 Kd5 51. Rb7 b4 52. Kd2 Rf6 53. Ke3 Re6+ 54. Kd2 Rd6 55. Kc2 Kc4 56. Rb6 b3+ 57. Kb2 Rd2+ 58. Kc1 Rc2+ 59. Kb1 Kc3 60. Rf6 Rd2 61. Rf3+ Rd3 62. Rf1 Rxh3 63. Rg1 c4 64. Re1 Rh2 65. Re3+ Kb4 66. Re6 Ka3 67. Re1 c3 0-1

[Event "EIRCC 2019"]
[Site "Tallinn"]
[Date "2019.12.05"]
[Round "6.34"]
[White "Krivenko, Sergey"]
[Black "Vlassow, Valentin"]
[Result "0-1"]
[ECO "D25"]
[WhiteElo "2233"]
[BlackElo "2394"]
[Annotator "NA"]
[PlyCount "88"]
[EventDate "2019.12.05"]
[EventType "swiss"]
[EventCountry "EST"]
[SourceTitle "playchess.com"]
[Source "ChessBase"]
[SourceQuality "1"]
[TimeControl "900+10"]

1. d4 d5 2. c4 dxc4 3. Nf3 Nf6 4. e3 Bg4 5. Bxc4 e6 6. Nc3 Nc6 7. Be2 Bd6 8. Nd2 Bxe2 9. Qxe2 O-O 10. O-O e5 11. d5 Ne7 12. e4 c6 13. dxc6 Nxc6 14. Nf3 Nd4 15. Qd1 Bb4 16. Bg5 Nxf3+ 17. Qxf3 Bxc3 18. bxc3 Qe7 19. Rfd1 Rfd8 20. Rxd8+ Rxd8 21. Rd1 Rxd1+ 22. Qxd1 Qd7 23. Qxd7 Nxd7 24. Be3 Kf8 25. Kf1 Ke7 26. Ke2 Kd6 27. Kd3 Nc5+ 28. Kc4 Nxe4 29. Bxa7 Kc6 30. f3 Nd6+ 31. Kb4 Kd5 32. Bb8 Nc4 33. Kb5 f5 34. a4 e4 35. fxe4+ fxe4 36. Bf4 h6 37. h4 h5 38. Bg5 e3 39. Bxe3 Nxe3 40. Kb6 Nxg2 41. Kxb7 Nxh4 42. a5 Nf5 43. Kc7 Ne7 44. c4+ Kc5 0-1

[Event "EIRCC 2019"]
[Site "Tallinn"]
[Date "2019.12.05"]
[Round "6.35"]
[White "Sysolyatin, Evgeny"]
[Black "Kourousis, Epaminondas"]
[Result "0-1"]
[ECO "B30"]
[WhiteElo "2231"]
[BlackElo "2392"]
[Annotator "NA"]
[PlyCount "76"]
[EventDate "2019.12.05"]
[EventType "swiss"]
[EventCountry "EST"]
[SourceTitle "playchess.com"]
[Source "ChessBase"]
[SourceQuality "1"]
[TimeControl "900+10"]

1. e4 c5 2. Nf3 Nc6 3. Bb5 e6 4. Bxc6 bxc6 5. O-O Ne7 6. h4 h5 7. d4 cxd4 8. Qxd4 Ng6 9. g3 Qb6 10. Nc3 e5 11. Qd2 Be7 12. b3 O-O 13. Bb2 d6 14. Nh2 f5 15. Na4 Qc7 16. Qe2 fxe4 17. Qxh5 Bf5 18. Bc1 Nh8 19. Be3 g6 20. Qe2 Rf7 21. Ng4 Kh7 22. c4 Qd7 23. Nh2 Bh3 24. Rfd1 Raf8 25. Nc3 Qf5 26. Qc2 Qh5 27. Qxe4 Kg8 28. Qxc6 g5 29. hxg5 Bxg5 30. Bxg5 Rxf2 31. Qd5+ Kg7 32. Bh4 Rg2+ 33. Kh1 Rff2 34. Nf1 Bg4 35. Qb7+ Nf7 36. Rd3 Qf5 37. Re3 Rxf1+ 38. Rxf1 Qxf1# 0-1

[Event "EIRCC 2019"]
[Site "Tallinn"]
[Date "2019.12.05"]
[Round "6.36"]
[White "Dragnev, Valentin"]
[Black "Lazavik, Denis"]
[Result "0-1"]
[ECO "D12"]
[WhiteElo "2380"]
[BlackElo "2201"]
[Annotator "NA"]
[PlyCount "114"]
[EventDate "2019.12.05"]
[EventType "swiss"]
[EventCountry "EST"]
[SourceTitle "playchess.com"]
[Source "ChessBase"]
[SourceQuality "1"]
[TimeControl "900+10"]

1. d4 d5 2. c4 c6 3. Nf3 Nf6 4. e3 Bf5 5. Nc3 e6 6. Nh4 Be4 7. f3 Bg6 8. Qb3 Qc7 9. Bd2 Be7 10. cxd5 exd5 11. Nxg6 hxg6 12. e4 Qb6 13. exd5 Nxd5 14. Nxd5 cxd5 15. Qxd5 O-O 16. O-O-O Nc6 17. Qb5 Qxd4 18. Be2 a6 19. Qd3 Qf2 20. Be3 Qxg2 21. Rhg1 Qh3 22. Kb1 Qe6 23. Qb3 Qxb3 24. axb3 Rad8 25. Bb6 Rxd1+ 26. Rxd1 Bd8 27. Bf2 Re8 28. Bc4 Bc7 29. h4 Rd8 30. Rxd8+ Bxd8 31. Bd5 Bf6 32. Be4 Kf8 33. f4 Ke7 34. Bd5 Nd8 35. Bf3 Kd6 36. h5 gxh5 37. Bxh5 g6 38. Bf3 Nc6 39. Be4 Bg7 40. Bd3 Bh6 41. Bg3 f5 42. Bc4 Nd4 43. Bf7 Ne2 44. Bf2 Nxf4 45. Be3 g5 46. Bxf4+ gxf4 47. Kc2 Ke5 48. Kd3 f3 49. Bh5 Kf4 50. Bf7 Bf8 51. Bd5 b6 52. Bc6 a5 53. Bd5 Bg7 54. b4 Bxb2 55. bxa5 bxa5 56. Bc6 f2 57. Ke2 Bd4 0-1

[Event "EIRCC 2019"]
[Site "Tallinn"]
[Date "2019.12.05"]
[Round "7.1"]
[White "Riazantsev, Alexander"]
[Black "Hjartarson, Johann"]
[Result "1/2-1/2"]
[ECO "E11"]
[WhiteElo "2594"]
[BlackElo "2534"]
[Annotator "ChessBase"]
[PlyCount "95"]
[EventDate "2019.12.05"]
[EventType "swiss"]
[EventCountry "EST"]
[SourceTitle "playchess.com"]
[Source "ChessBase"]
[SourceQuality "1"]
[TimeControl "900+10"]

1. d4 Nf6 2. c4 e6 3. Nf3 Bb4+ 4. Bd2 a5 5. a3 Bxd2+ 6. Qxd2 b6 7. Nc3 Bb7 8. e3 d6 9. Bd3 Nbd7 10. e4 e5 11. O-O O-O 12. Rfe1 exd4 13. Nxd4 Re8 14. f3 Nc5 15. Bc2 Nfd7 16. b4 Ne6 17. Ba4 Nxd4 18. Qxd4 Re6 19. Bxd7 Qxd7 20. b5 Rae8 21. Re2 f5 22. Rae1 fxe4 23. Nxe4 h6 24. a4 Kh8 25. h3 Qf7 26. Nc3 Rxe2 27. Rxe2 Rxe2 28. Nxe2 Qf5 29. Nf4 Kg8 30. Nd5 Qb1+ 31. Kh2 Qc2 32. Ne3 Qe2 33. Nf5 Qe5+ 34. Qxe5 dxe5 35. Kg3 Kf7 36. Kf2 Kf6 37. Ne3 Ke6 38. Ke2 g5 39. Kd3 h5 40. c5 Bd5 41. cxb6 cxb6 42. Nxd5 Kxd5 43. g3 Kc5 44. Kc3 Kd5 45. Kd3 Kc5 46. Kc3 Kd5 47. Kd3 Kc5 48. Kc3 1/2-1/2

[Event "EIRCC 2019"]
[Site "Tallinn"]
[Date "2019.12.05"]
[Round "7.2"]
[White "Saric, Ante"]
[Black "Esipenko, Andrey"]
[Result "0-1"]
[ECO "D02"]
[WhiteElo "2538"]
[BlackElo "2590"]
[Annotator "ChessBase"]
[PlyCount "94"]
[EventDate "2019.12.05"]
[EventType "swiss"]
[EventCountry "EST"]
[SourceTitle "playchess.com"]
[Source "ChessBase"]
[SourceQuality "1"]
[TimeControl "900+10"]

1. Nf3 d5 2. d4 Nf6 3. c4 e6 4. g3 dxc4 5. Qa4+ Nbd7 6. Bg2 a6 7. Nc3 Be7 8. Ne5 c5 9. dxc5 Bxc5 10. Nxc4 Ra7 11. Be3 b5 12. Bxc5 bxa4 13. Nd6+ Kf8 14. Bxa7 a3 15. O-O-O axb2+ 16. Kxb2 Qc7 17. Nxc8 Qxc8 18. Rc1 Qc7 19. Nb5 Qe5+ 20. Nd4 g5 21. f4 Qa5 22. Nb3 Qf5 23. Nd4 Qa5 24. Nb3 Qb5 25. fxg5 Qxe2+ 26. Rc2 Qe5+ 27. Bd4 Qxg5 28. h4 Qg4 29. Bh3 Qe4 30. Rf1 e5 31. Bc3 Kg7 32. Rcf2 Rf8 33. Bf5 Qc4 34. g4 Nd5 35. Bd2 N7b6 36. Be6 f6 37. g5 f5 38. Rxf5 Rxf5 39. Rxf5 Qe2 40. Rf7+ Kg6 41. Ra7 Nc4+ 42. Kc2 Qe4+ 43. Kc1 Nxd2 44. Nxd2 Qe1+ 45. Kc2 Nb4+ 46. Kc3 Qc1+ 47. Kxb4 Qxd2+ 0-1

[Event "EIRCC 2019"]
[Site "Tallinn"]
[Date "2019.12.05"]
[Round "7.3"]
[White "Yuffa, Daniil"]
[Black "Belyakov, Bogdan"]
[Result "1-0"]
[ECO "E63"]
[WhiteElo "2587"]
[BlackElo "2520"]
[Annotator "ChessBase"]
[PlyCount "71"]
[EventDate "2019.12.05"]
[EventType "swiss"]
[EventCountry "EST"]
[SourceTitle "playchess.com"]
[Source "ChessBase"]
[SourceQuality "1"]
[TimeControl "900+10"]

1. d4 Nf6 2. c4 g6 3. Nf3 Bg7 4. g3 O-O 5. Bg2 d6 6. O-O Nc6 7. Nc3 a6 8. Bf4 Rb8 9. Rc1 h6 10. d5 e5 11. Bd2 Ne7 12. e4 Nd7 13. Ne1 c5 14. a4 f5 15. Nd3 Nf6 16. f4 Nxe4 17. Nxe4 fxe4 18. Bxe4 Bh3 19. Bg2 Bf5 20. Qe2 Bxd3 21. Qxd3 exf4 22. Bxf4 g5 23. Be3 Bxb2 24. Rb1 Be5 25. Bh3 Qc7 26. Be6+ Kg7 27. h4 Bf6 28. h5 Be5 29. Kg2 b5 30. axb5 axb5 31. Rxb5 Rxb5 32. cxb5 Rxf1 33. Qxf1 Bf6 34. Bd2 Nc8 35. Qf5 Qe7 36. Qg6+ 1-0

[Event "EIRCC 2019"]
[Site "Tallinn"]
[Date "2019.12.05"]
[Round "7.4"]
[White "Lintchevski, Daniil"]
[Black "Kulaots, Kaido"]
[Result "1/2-1/2"]
[ECO "E62"]
[WhiteElo "2515"]
[BlackElo "2544"]
[Annotator "ChessBase"]
[PlyCount "86"]
[EventDate "2019.12.05"]
[EventType "swiss"]
[EventCountry "EST"]
[SourceTitle "playchess.com"]
[Source "ChessBase"]
[SourceQuality "1"]
[TimeControl "900+10"]

1. Nf3 Nf6 2. c4 g6 3. g3 Bg7 4. Bg2 O-O 5. O-O d6 6. d4 Nc6 7. Nc3 e5 8. dxe5 Nxe5 9. Nxe5 dxe5 10. Bg5 Qxd1 11. Raxd1 h6 12. Bc1 c6 13. b3 Re8 14. h3 Bf5 15. Be3 Bf8 16. g4 Be6 17. Rd3 Rec8 18. Rfd1 Kg7 19. Bc1 Rc7 20. Bb2 Rd7 21. Rxd7 Nxd7 22. e3 f5 23. gxf5 gxf5 24. Ne2 Kf7 25. f4 e4 26. Nd4 Nc5 27. Bf1 Be7 28. Rd2 Rg8+ 29. Rg2 Rxg2+ 30. Kxg2 Bd7 31. Bc3 Bf6 32. Ne2 Nd3 33. Bxf6 Kxf6 34. Nc3 Nb4 35. Kf2 c5 36. Be2 Be8 37. Ke1 Ke6 38. Kd2 Kd6 39. a3 Nc6 40. Nb5+ Kd7 41. Nc3 Kd6 42. Nb5+ Kd7 43. Nc3 Kd6 1/2-1/2